 Dungeon Crawl Stone Soup version 0.28.0-47-ge53b351184 (webtiles) character file.

Game seed: 5744364506753212979

101 rlgrobin the Covered (level 4, -16/40 HPs)
             Began as a Hill Orc Fighter on Apr 29, 2022.
             Demolished by an ogre
             ... wielding a +0 giant club
              (28 damage)
             ... on level 4 of the Dungeon.
             The game lasted 00:27:38 (1713 turns).

rlgrobin the Covered (Hill Orc Fighter)             Turns: 1713, Time: 00:27:39

Health: -16/40     AC: 11    Str: 20    XL:     4   Next: 75%
Magic:  4/4        EV: 11    Int:  8    God:
Gold:   102        SH:  4    Dex: 10    Spells: 3/3 levels left

rFire   . . .      SeeInvis .   a - +0 war axe
rCold   . . .      Faith    .   c - +0 buckler
rNeg    . . .      Spirit   .   k - +0 chain mail
rPois   .          Reflect  .   (no helmet)
rElec   .          Harm     .   (no cloak)
rCorr   .          Rampage  .   (no gloves)
Will    .....                   j - +1 pair of boots {Stlth+}
Stlth   ..........              (no amulet)
HPRegen 0.13/turn               e - +4 ring of evasion
MPRegen 0.09/turn               (no ring)

@: no status effects
A: no striking features
a: no special abilities


You were on level 4 of the Dungeon.
You visited 1 branch of the dungeon, and saw 4 of its levels.

You collected 102 gold pieces.

Inventory:

Hand Weapons
 a - a +0 war axe (weapon)
 b - a +0 great mace
Armour
 c - a +0 buckler (worn)
 j - a +1 pair of boots of stealth (worn)
 k - a +0 chain mail (worn)
Jewellery
 e - a +4 ring of evasion (left hand)
Scrolls
 g - a scroll of enchant weapon {unknown}
 h - a scroll of identify {unknown}
 i - a scroll of amnesia {unknown}
 l - a scroll of noise {unknown}
Potions
 d - a potion of might
 f - 2 potions of curing {unknown}
 m - a potion of mutation {unknown}


   Skills:
 + Level 4.1 Fighting
 + Level 4.0 Axes
 + Level 4.5 Armour
 + Level 0.5 Stealth
 + Level 3.7 Shields


You had 3 spell levels left.
You didn't know any spells.
Your spell library was empty.

Dungeon Overview and Level Annotations

Branches:
Dungeon (4/15)
 Temple: D:4-7

Altars:
Trog

Shops:
D:1 (   D:2 (


Message History

Found 11 gold pieces.
Found a whip.
Found 10 gold pieces.
You now have 92 gold pieces (gained 11).
You now have 102 gold pieces (gained 10).
Found a viscous pink potion.
A giant cockroach comes into view.
A quokka skeleton comes into view.
The giant cockroach bites you but does no damage.
You barely miss the giant cockroach. You block the giant cockroach's attack.
The giant cockroach misses you.
You slash the giant cockroach!
You kill the giant cockroach!
You slash the quokka skeleton!
You destroy the quokka skeleton!
Your Axes skill increases to level 4!
m - a viscous pink potion As you open the door, it creaks loudly!
There is an open door here.
An ogre comes into view. It is wielding a +0 giant club.
The ogre shouts!
Press: ? - help, . - travel You can't see that place.
The ogre misses you.
The ogre hits you with a +0 giant club!!
Ouch! That really hurt!
You block the ogre's attack. The ogre misses you.
The ogre hits you with a +0 giant club!
* * * LOW HITPOINT WARNING * * *
The ogre closely misses you.
Found a runed ring mail.
Found a scroll labelled NOXTAEVUKO.
You open the door. The ogre closely misses you.
There is an open door here.
Found a runed ring mail.
Found 16 gold pieces.
The ogre hits you with a +0 giant club!!
Ouch! That really hurt!
You die...

...'.............#
...#########.###.#
...# #.# #.# ...#
#.[ #.# ...#
###.#.# ...# .#.#
...### #.# .....#
#O# .....# #@#
.....# ####
#...$.# .....# ...
####.## .....##.##
# .........#
.....##..#
#........#
#.####...#
#..).....#


You could see an ogre.

Vanquished Creatures
  4 adders
  A dart slug (D:2)
  3 orcs
  2 endoplasms (D:2)
  3 giant cockroaches
  4 goblins
  5 hobgoblins
  7 jackals
  A quokka (D:3)
  6 ball pythons
  3 bats
  2 frilled lizards (D:3)
  12 kobolds
  A quokka skeleton (D:4)
  5 rats
59 creatures vanquished.

Vanquished Creatures (others)
  A plant (D:1)
1 creature vanquished.

Grand Total: 60 creatures vanquished

Notes
Turn   | Place    | Note
-------+----------+-------------------------------------------
     0 | D:1      | rlgrobin the Hill Orc Fighter began the quest for the Orb.
     0 | D:1      | Reached XP level 1. HP: 19/19 MP: 1/1
    81 | D:1      | Reached XP level 2. HP: 23/27 MP: 2/2
    93 | D:1      | Found a faded altar of an unknown god.
   165 | D:1      | Found Mulahi Ehob's Antique Weapon Boutique.
   465 | D:2      | Reached XP level 3. HP: 24/33 MP: 3/3
   493 | D:2      | Found Tuxkoex's Weapon Emporium.
  1021 | D:3      | Found a bloodstained altar of Trog.
  1230 | D:3      | Identified the +2 robe of Fortitude {rC+}
  1324 | D:3      | Reached XP level 4. HP: 36/40 MP: 4/4
  1621 | D:4      | Noticed an ogre
  1713 | D:4      | Demolished by an ogre

Illustrated notes

Levels and vault maps discovered:
D:1:      dpeg_arrival_rhombi, layout_rooms, serial_shops,
          nicolae_shop_overgrown_old_shop, nicolae_lakefront_shop, shop,
          shapermc_ecumenical_altar_mp_highgroup, chequers_jeans
D:2:      layout_basic, serial_shops, nicolae_shop_bloodbath_and_beyond
D:3:      layout_loops_ring, general_overflow_altar, trog_hazing_becter
D:4:      layout_basic, overflow_temple_1_default,
          nicolae_overflow_hidden_temple

Skill      XL: |  1  2  3  4 |
---------------+-------------+-----
Axes           | 3 4 |  4.0
Armour         | 4 |  4.5
Fighting       | 4 |  4.1
Stealth        | |  0.5
Shields        | |  3.7

Action                   |  1- 3 |  4- 6 || total
-------------------------+-------+-------++-------
Melee: War axe           |   132 |    40 ||   172
Armor: Scale mail        |    52 |     8 ||    60
       Chain mail        |       |     8 ||     8
Dodge: Dodged            |    94 |    29 ||   123
Block: Buckler           |    33 |    13 ||    46
